 Dungeon Crawl Stone Soup version 0.28.0-53-g5a82cb258f (webtiles) character file.

Game seed: 17342688830183725830

541 RussianWR the Covert (level 7, -14/46 HPs)
             Began as an Octopode Brigand on Aug 17, 2022.
             Demolished by an ogre
             ... wielding a +0 giant club
              (21 damage)
             ... on level 4 of the Dungeon.
             The game lasted 00:08:14 (3806 turns).

RussianWR the Covert (Octopode Brigand)             Turns: 3806, Time: 00:08:15

Health: -14/46     AC:  1    Str: 11    XL:     7   Next: 26%
Magic:  7/7        EV: 13    Int: 13    God:
Gold:   208        SH:  0    Dex: 15    Spells: 6/6 levels left

rFire   + . .      SeeInvis .   a - +2 dagger
rCold   x . .      Faith    .   (no shield)
rNeg    + . .      Spirit   .   (helmet restricted)
rPois   .          Reflect  .   (no amulet)
rElec   .          Harm     .   e - ring of fire
rCorr   .          Rampage  .   h - ring of positive energy
Will    .....                   (no ring)
Stlth   +++++.....              (no ring)
HPRegen 0.15/turn               (no ring)
MPRegen 0.10/turn               (no ring)
                                (no ring)
                                (no ring)

@: no status effects
A: almost no armour, amphibious, 8 rings, camouflage 1, gelatinous body 1,
(nimble swimmer 1), tentacles
a: no special abilities


You were on level 4 of the Dungeon.
You visited 1 branch of the dungeon, and saw 4 of its levels.

You collected 208 gold pieces.

Inventory:

Hand Weapons
 a - a +2 dagger (weapon)
Missiles
 b - 8 poisoned darts (quivered)
 c - 2 curare-tipped darts
Jewellery
 e - a ring of fire (left tentacle)
 h - a ring of positive energy (right tentacle)
Scrolls
 d - a scroll of holy word {unknown}
 f - 2 scrolls of vulnerability {unknown}
 g - a scroll of enchant weapon {unknown}
 i - a scroll of identify {unknown}


   Skills:
 + Level 3.0 Fighting
 * Level 5.1 Short Blades
 + Level 2.2 Throwing
 + Level 1.1 Dodging
 + Level 9.1 Stealth


You had 6 spell levels left.
You didn't know any spells.
Your spell library contained the following spells:

 Spells                   Type           Power      Damage    Failure   Level
 Confusing Touch          Hex            0%         N/A       67%         3
 Yara's Violent Unravell  Hex/Tmut       0%         3d3       100%        5
 Enfeeble                 Hex            0%         N/A       100%        7


Dungeon Overview and Level Annotations

Branches:
Dungeon (4/15)
 Temple: D:4-7

Altars:
Ashenzari


Innate Abilities, Weirdness & Mutations

You cannot wear most types of armour.
You are amphibious.
You can wear up to eight rings at the same time.
Your skin changes colour to match your surroundings (Stealth+).
Your rubbery body absorbs attacks. (AC +1, EV +1)
((You are camouflaged when in or above water. (Stealth+)))
You have tentacles for arms and can constrict up to eight enemies at once.


Message History

Things that are here:
a +0 spear; a +0 spear; a gnoll corpse You hit the gnoll but do no damage.
You grab the gnoll. You constrict the gnoll.
You hit the gnoll but do no damage. You squeeze the gnoll.
The gnoll is moderately wounded.
You constrict the gnoll. The gnoll misses you.
You hit the gnoll. You squeeze the gnoll!
You kill the gnoll!
You see here a +0 spear.
HP restored.
An adder comes into view.
Found 18 gold pieces.
An adder is nearby!
The helpless adder fails to defend itself.
You perforate the adder like a sieve!!!
You kill the adder!
You now have 208 gold pieces (gained 18).
A ball python comes into view.
The helpless ball python fails to defend itself.
You perforate the ball python like a sieve!!!
You kill the ball python!
You see here a ball python corpse.
An ogre comes into view. It is wielding a +0 giant club.
The ogre shouts!
The ogre closely misses you.
You hit the ogre. You squeeze the ogre.
The ogre is lightly wounded.
The ogre hits you with a +0 giant club!
You hit the ogre. You squeeze the ogre.
The ogre is heavily wounded.
You barely miss the ogre.
The ogre is heavily wounded.
The ogre hits you with a +0 giant club!!
Ouch! That really hurt!
* * * LOW HITPOINT WARNING * * *
You hit the ogre. You tentacle-slap the ogre. Your squeeze misses the ogre.
The ogre is severely wounded.
The ogre hits you with a +0 giant club!!
You die...

..##.).....................##
..##..#####..##.######...#####
.............##.# #........
#.##..#####.###.# #.#.#####
#.##..#####.# #.######.#.#
#.##........# #....†...#.#
....).###...# ########## #
..##..#(#.##############.
..##..###.......@O.......
#.........###############
####....### ######


You could see an ogre.

Vanquished Creatures
  Grinder (D:3)
  A black bear (D:4)
  An orc priest (D:3)
  An iguana (D:3)
  Robin (D:3)
  4 gnolls (D:4)
  5 adders
  A dart slug (D:2)
  A worm (D:2)
  10 orcs (D:3)
  5 endoplasms
  3 giant cockroaches
  16 goblins
  9 hobgoblins
  4 jackals
  2 kobolds (D:1)
  A quokka (D:1)
  3 ball pythons
  4 bats
  A frilled lizard (D:2)
  5 rats
79 creatures vanquished.

Notes
Turn   | Place    | Note
-------+----------+-------------------------------------------
     0 | D:1      | RussianWR the Octopode Brigand began the quest for the Orb.
     0 | D:1      | Reached XP level 1. HP: 14/14 MP: 1/1
   550 | D:1      | Reached XP level 2. HP: 16/19 MP: 2/2
   851 | D:1      | Reached skill level 6 in Stealth
  1232 | D:2      | Reached XP level 3. HP: 6/24 MP: 3/3
  1907 | D:2      | Reached skill level 7 in Stealth
  1907 | D:2      | Reached XP level 4. HP: 21/30 MP: 4/4
  2441 | D:3      | Reached XP level 5. HP: 3/35 MP: 5/5
  2873 | D:3      | Found a broken altar of Ashenzari.
  3038 | D:3      | Noticed Robin
  3052 | D:3      | Killed Robin
  3271 | D:3      | Noticed Grinder
  3280 | D:3      | Killed Grinder
  3281 | D:3      | Reached skill level 8 in Stealth
  3281 | D:3      | Reached XP level 6. HP: 39/41 MP: 6/6
  3482 | D:4      | Noticed a black bear
  3488 | D:4      | Killed a black bear
  3489 | D:4      | Reached XP level 7. HP: 46/46 MP: 7/7
  3527 | D:4      | Reached skill level 5 in Short Blades
  3529 | D:4      | Reached skill level 9 in Stealth
  3806 | D:4      | Demolished by an ogre

Illustrated notes

Levels and vault maps discovered:
D:1:      sevenhm_arrival_forest_fort_large_4, layout_basic, st_stairs_5,
          hangedman_abyss_or_decor_lesser_grid, moated_statue, glass_columns_a
D:2:      layout_loops_cross
D:3:      layout_loops_corners, nicolae_ashenzari_panopticon, uniq_grinder,
          uniq_robin
D:4:      layout_loops_ring, gammafunk_temple_overflow_statue,
          minmay_temple_entry_offerings, corexii_shack, grunt_ministairs_12,
          item_on_display_a, uniq_pikel, uniq_ijyb

Skill      XL: |  1  2  3  4  5  6  7 |
---------------+----------------------+-----
Stealth        | 6 7 8 9 |  9.1
Short Blades   | 4 5 |  5.1
Fighting       | 3 |  3.0
Throwing       | |  2.2
Dodging        | |  1.1

Action                   |  1- 3 |  4- 6 |  7- 9 || total
-------------------------+-------+-------+-------++-------
Melee: Dagger            |    58 |    75 |    19 ||   152
       Tentacles         |     7 |    20 |     8 ||    35
       Constrict         |    10 |    21 |     4 ||    35
       Punch             |       |     1 |     1 ||     2
 Stab: Sleeping          |    17 |    10 |     3 ||    30
       Distracted        |     1 |       |       ||     1
Armor: Skin              |     4 |     3 |       ||     7
Dodge: Dodged            |    24 |    26 |    15 ||    65
